General information
- name: BNet
- type: Ladder team game (AT/RT)
- host: Battle.net
- saver: YoHoHo
map: GolemsInTheMist
- players: 8
- length: 57:01
- speed: Fast
- version: 1.26 W3XP
- replay type: Public
» download(293 KB)
Players
team 1 (loser)

»
b0000000000 (
purple | 70 APM | 2867 actions | 41:03)
9 Blademaster
3 Critical Strike
3 Wind Walk
1 Bladestorm
2 Mirror Image
» actions
| Assign group hotkey | 116 | |
| Build / train | 89 | |
| ESC pressed | 5 | |
| Enter build submenu | 14 | |
| Enter hero's abilities submenu | 9 | |
| Give item / drop item | 3 | |
| Right click | 1612 | |
| Select / deselect | 686 | |
| Select group hotkey | 162 | |
| Use ability | 171 | |
2867 total
» units
| Peon | 30 | |
| Grunt | 4 | |
| Raider | 4 | |
| Troll Batrider | 5 | |
43 total
» upgrades
| Melee Weapons | 2 | |
| Pillage | 1 | |
| Ensnare | 1 | |
| Armor | 2 | |
| Reinforced Defenses | 1 | |
| Liquid Fire | 1 | |
8 total
» buildings
| Altar of Storms | 1 | |
| Orc Burrow | 6 | |
| Barracks | 1 | |
| Voodoo Lounge | 1 | |
| Stronghold | 1 | |
| War Mill | 1 | |
| Beastiary | 3 | |
| Fortress | 1 | |
15 total
» build order
00:08 Altar of Storms
00:20 Orc Burrow
00:35 Barracks
01:33 Orc Burrow
02:00 Voodoo Lounge
03:35 Stronghold
03:55 War Mill
04:33 Orc Burrow
05:31 Orc Burrow
06:01 Beastiary
06:02 Beastiary
06:03 Beastiary
08:55 Fortress
09:27 Orc Burrow
11:22 Orc Burrow
» items
| Healing Salve | 8 | |
| Lesser Clarity Potion | 11 | |
| Scroll of Town Portal | 3 | |
| Scroll of Speed | 1 | |
| Potion of Mana | 1 | |
| Orb of Lightning | 1 | |
| Scroll of Regeneration | 1 | |
26 total
rome-never-died (
yellow | 71 APM | 4032 actions | 57:00)
10 Blood Mage
3 Flame Strike
3 Banish
1 Summon Phoenix
3 Siphon Mana
» actions
| Assign group hotkey | 46 | |
| Basic commands | 6 | |
| Build / train | 122 | |
| Enter build submenu | 36 | |
| Enter hero's abilities submenu | 10 | |
| Give item / drop item | 3 | |
| Right click | 1680 | |
| Select / deselect | 432 | |
| Select group hotkey | 1557 | |
| Use ability | 140 | |
4032 total
» units
| Peasant | 14 | |
| Footman | 6 | |
| Goblin Shredder | 13 | |
| Gryphon Rider | 8 | |
| Goblin Sapper | 3 | |
| Siege Engine | 2 | |
46 total
» upgrades
| Masonry | 3 | |
| Swords | 3 | |
| Armor | 3 | |
| Lumber Harvesting | 2 | |
| Storm Hammers | 1 | |
| Animal War Training | 1 | |
| Gunpowder | 1 | |
| Plating | 1 | |
| Barrage | 1 | |
16 total
» buildings
| Altar of Kings | 2 | |
| Barracks | 1 | |
| Farm | 13 | |
| Scout Tower | 48 | |
| Lumber Mill | 2 | |
| Arcane Tower | 3 | |
| Arcane Vault | 2 | |
| Town Hall | 1 | |
| Keep | 2 | |
| Blacksmith | 1 | |
| Guard Tower | 26 | |
| Castle | 2 | |
| Gryphon Aviary | 5 | |
| Workshop | 2 | |
110 total
» build order
00:07 Altar of Kings
00:20 Barracks
00:37 Farm
00:51 Farm
01:29 Scout Tower
01:34 Farm
01:56 Lumber Mill
02:01 Arcane Tower
03:26 Arcane Vault
03:49 Town Hall
06:14 Scout Tower
06:15 Scout Tower
06:16 Scout Tower
06:35 Keep
06:35 Keep
06:55 Lumber Mill
07:09 Blacksmith
07:12 Arcane Tower
07:12 Arcane Tower
07:15 Scout Tower
07:16 Scout Tower
07:51 Farm
07:52 Farm
07:53 Farm
08:13 Farm
08:45 Guard Tower
08:59 Castle
08:59 Castle
09:06 Gryphon Aviary
09:10 Gryphon Aviary
09:28 Farm
09:29 Farm
09:45 Gryphon Aviary
09:49 Farm
09:50 Farm
09:51 Farm
10:59 Scout Tower
10:59 Scout Tower
11:00 Scout Tower
11:28 Guard Tower
11:53 Guard Tower
12:06 Scout Tower
12:07 Scout Tower
12:11 Scout Tower
12:11 Scout Tower
12:15 Guard Tower
12:36 Guard Tower
13:13 Guard Tower
13:13 Guard Tower
13:18 Scout Tower
13:19 Scout Tower
13:21 Scout Tower
13:21 Scout Tower
13:22 Scout Tower
13:22 Scout Tower
13:31 Gryphon Aviary
13:32 Gryphon Aviary
13:39 Guard Tower
14:04 Guard Tower
16:40 Guard Tower
16:42 Scout Tower
16:43 Scout Tower
16:44 Scout Tower
16:44 Scout Tower
16:48 Guard Tower
17:15 Guard Tower
18:22 Guard Tower
18:26 Scout Tower
18:27 Scout Tower
18:27 Scout Tower
18:27 Scout Tower
18:28 Scout Tower
18:28 Scout Tower
18:29 Scout Tower
18:29 Scout Tower
18:30 Scout Tower
18:33 Scout Tower
18:33 Scout Tower
18:33 Scout Tower
18:35 Scout Tower
18:35 Scout Tower
18:38 Guard Tower
19:06 Guard Tower
19:40 Guard Tower
19:41 Guard Tower
20:04 Guard Tower
20:36 Guard Tower
22:56 Scout Tower
22:56 Scout Tower
22:56 Scout Tower
22:58 Guard Tower
24:28 Guard Tower
24:28 Guard Tower
24:57 Scout Tower
24:58 Scout Tower
24:59 Scout Tower
24:59 Scout Tower
25:00 Scout Tower
25:00 Scout Tower
25:01 Scout Tower
25:38 Guard Tower
25:44 Guard Tower
27:46 Workshop
27:48 Workshop
27:57 Guard Tower
28:35 Arcane Vault
55:16 Altar of Kings
55:19 Farm
» items
| Scroll of Regeneration | 4 | |
| Ivory Tower | 2 | |
| Scroll of Town Portal | 8 | |
| Staff of Sanctuary | 1 | |
15 total

»
SKS7-62 (
red | 34 APM | 939 actions | 27:58)
6 Blood Mage
3 Flame Strike
2 Siphon Mana
1 Summon Phoenix
» actions
| Assign group hotkey | 27 | |
| Basic commands | 17 | |
| Build / train | 92 | |
| Enter build submenu | 23 | |
| Enter hero's abilities submenu | 6 | |
| Right click | 306 | |
| Select / deselect | 218 | |
| Select group hotkey | 207 | |
| Use ability | 43 | |
939 total
» units
| Peasant | 36 | |
| Footman | 4 | |
| Gryphon Rider | 12 | |
| Priest | 6 | |
| Dragonhawk Rider | 3 | |
61 total
» upgrades
| Lumber Harvesting | 2 | |
| Animal War Training | 1 | |
| Storm Hammers | 1 | |
| Swords | 3 | |
| Armor | 3 | |
| Masonry | 1 | |
| Priest Training | 2 | |
| Magic Sentry | 1 | |
| Cloud | 1 | |
15 total
» buildings
| Altar of Kings | 1 | |
| Farm | 9 | |
| Barracks | 1 | |
| Scout Tower | 4 | |
| Arcane Tower | 2 | |
| Lumber Mill | 1 | |
| Guard Tower | 2 | |
| Keep | 1 | |
| Town Hall | 1 | |
| Blacksmith | 1 | |
| Arcane Vault | 1 | |
| Castle | 1 | |
| Gryphon Aviary | 3 | |
| Arcane Sanctum | 1 | |
29 total
» build order
00:05 Altar of Kings
00:09 Farm
00:56 Barracks
01:18 Farm
01:30 Scout Tower
02:01 Farm
02:14 Arcane Tower
02:23 Scout Tower
02:47 Farm
02:52 Lumber Mill
02:55 Arcane Tower
02:59 Scout Tower
04:03 Guard Tower
04:06 Keep
04:10 Scout Tower
04:36 Town Hall
04:45 Guard Tower
05:04 Farm
05:45 Farm
05:51 Blacksmith
05:55 Arcane Vault
06:34 Castle
06:40 Gryphon Aviary
07:17 Gryphon Aviary
08:13 Gryphon Aviary
10:20 Arcane Sanctum
11:28 Farm
12:22 Farm
13:21 Farm
» items
| Orb of Fire | 2 | |
| Scroll of Town Portal | 1 | |
3 total
kidsmirf1 (
orange | 25 APM | 535 actions | 21:25)
3 Archmage
1 Summon Water Elemental
2 Blizzard
» actions
| Build / train | 56 | |
| Enter build submenu | 26 | |
| Enter hero's abilities submenu | 3 | |
| Remove unit from queue | 2 | |
| Right click | 172 | |
| Select / deselect | 238 | |
| Use ability | 38 | |
535 total
» units
| Peasant | 11 | |
| Footman | 5 | |
| Goblin Shredder | 2 | |
| Gryphon Rider | 15 | |
33 total
» upgrades
| Swords | 2 | |
| Armor | 2 | |
| Masonry | 1 | |
| Lumber Harvesting | 1 | |
| Storm Hammers | 1 | |
7 total
» buildings
| Lumber Mill | 1 | |
| Farm | 12 | |
| Altar of Kings | 1 | |
| Barracks | 1 | |
| Blacksmith | 1 | |
| Scout Tower | 6 | |
| Arcane Tower | 1 | |
| Keep | 1 | |
| Guard Tower | 5 | |
| Castle | 1 | |
| Gryphon Aviary | 3 | |
| Arcane Vault | 1 | |
34 total
» build order
01:08 Lumber Mill
01:12 Farm
01:23 Altar of Kings
01:39 Barracks
01:49 Farm
01:55 Blacksmith
02:36 Scout Tower
02:40 Farm
02:44 Farm
03:03 Arcane Tower
03:23 Farm
03:28 Farm
04:06 Scout Tower
04:17 Scout Tower
04:32 Keep
04:42 Guard Tower
04:49 Scout Tower
04:52 Guard Tower
04:56 Scout Tower
05:20 Guard Tower
05:25 Scout Tower
05:30 Guard Tower
05:57 Guard Tower
06:03 Farm
06:48 Farm
07:38 Castle
07:42 Gryphon Aviary
07:45 Gryphon Aviary
09:11 Gryphon Aviary
09:17 Farm
10:41 Farm
11:08 Farm
14:02 Arcane Vault
14:07 Farm
» items
| Scroll of Regeneration | 1 | |
| Lesser Clarity Potion | 1 | |
2 total
team 2 (winner)

»
Gooby_pls (
pink | 27 APM | 1527 actions | 57:00)
7 Dreadlord
3 Vampiric Aura
2 Sleep
1 Inferno
1 Carrion Swarm
» actions
| Build / train | 84 | |
| Enter build submenu | 26 | |
| Enter hero's abilities submenu | 7 | |
| Give item / drop item | 1 | |
| Right click | 866 | |
| Select / deselect | 484 | |
| Use ability | 59 | |
1527 total
» units
| Acolyte | 14 | |
| Ghoul | 11 | |
| Gargoyle | 29 | |
54 total
» upgrades
| Creature Attack | 3 | |
| Creature Carapace | 3 | |
| Stone Form | 1 | |
7 total
» buildings
| Ziggurat | 15 | |
| Altar of Darkness | 1 | |
| Crypt | 3 | |
| Nerubian Tower | 1 | |
| Halls of the Dead | 2 | |
| Graveyard | 1 | |
| Spirit Tower | 10 | |
| Black Citadel | 2 | |
| Necropolis | 1 | |
36 total
» build order
00:08 Ziggurat
00:17 Altar of Darkness
00:54 Crypt
01:10 Ziggurat
01:26 Crypt
01:45 Nerubian Tower
02:42 Ziggurat
05:24 Halls of the Dead
06:03 Crypt
06:09 Graveyard
06:15 Ziggurat
07:21 Ziggurat
07:24 Ziggurat
07:26 Ziggurat
08:56 Ziggurat
08:59 Ziggurat
09:01 Ziggurat
09:51 Spirit Tower
09:52 Spirit Tower
09:54 Spirit Tower
10:57 Ziggurat
11:12 Ziggurat
11:18 Ziggurat
11:55 Spirit Tower
12:09 Spirit Tower
12:25 Spirit Tower
13:23 Black Citadel
17:12 Necropolis
19:48 Halls of the Dead
22:12 Black Citadel
23:05 Ziggurat
23:12 Ziggurat
23:18 Spirit Tower
23:19 Spirit Tower
24:09 Spirit Tower
24:11 Spirit Tower
YoHoHo (
blue | 53 APM | 2999 actions | 57:01)
7 Blood Mage
3 Flame Strike
2 Siphon Mana
1 Summon Phoenix
1 Banish
1 Paladin
1 Holy Light
» actions
| Assign group hotkey | 74 | |
| Basic commands | 253 | |
| Build / train | 124 | |
| Enter build submenu | 68 | |
| Enter hero's abilities submenu | 8 | |
| Give item / drop item | 1 | |
| Right click | 1196 | |
| Select / deselect | 510 | |
| Select group hotkey | 513 | |
| Use ability | 251 | |
2999 total
» units
| Peasant | 15 | |
| Footman | 6 | |
| Goblin Shredder | 2 | |
| Sorceress | 2 | |
| Goblin Sapper | 17 | |
| Gryphon Rider | 2 | |
44 total
» upgrades
| Masonry | 3 | |
| Sorceress Training | 2 | |
| Magic Sentry | 1 | |
| Lumber Harvesting | 2 | |
| Swords | 3 | |
| Armor | 3 | |
| Animal War Training | 1 | |
| Storm Hammers | 1 | |
16 total
» buildings
| Altar of Kings | 2 | |
| Barracks | 1 | |
| Farm | 7 | |
| Scout Tower | 58 | |
| Arcane Tower | 1 | |
| Arcane Vault | 2 | |
| Keep | 1 | |
| Town Hall | 4 | |
| Lumber Mill | 1 | |
| Arcane Sanctum | 3 | |
| Guard Tower | 11 | |
| Castle | 1 | |
| Blacksmith | 3 | |
| Gryphon Aviary | 6 | |
101 total
» build order
00:40 Altar of Kings
00:42 Barracks
01:05 Altar of Kings
01:07 Farm
01:21 Farm
01:29 Farm
01:52 Scout Tower
02:23 Arcane Tower
02:43 Farm
03:20 Arcane Vault
03:22 Arcane Vault
04:43 Keep
05:05 Town Hall
05:10 Scout Tower
05:11 Scout Tower
05:12 Scout Tower
05:18 Scout Tower
05:21 Scout Tower
05:25 Scout Tower
05:32 Scout Tower
05:53 Farm
05:58 Lumber Mill
06:35 Farm
07:59 Arcane Sanctum
08:00 Arcane Sanctum
08:06 Arcane Sanctum
09:05 Scout Tower
09:06 Scout Tower
09:06 Scout Tower
09:07 Scout Tower
09:08 Scout Tower
09:12 Scout Tower
09:12 Scout Tower
09:13 Scout Tower
09:15 Scout Tower
09:16 Scout Tower
09:18 Scout Tower
10:02 Guard Tower
10:08 Guard Tower
10:30 Guard Tower
10:41 Guard Tower
12:36 Castle
18:56 Scout Tower
18:56 Scout Tower
18:57 Scout Tower
18:57 Scout Tower
18:57 Scout Tower
19:00 Town Hall
19:04 Scout Tower
19:05 Scout Tower
19:06 Scout Tower
19:06 Scout Tower
19:07 Scout Tower
19:08 Scout Tower
19:09 Scout Tower
20:16 Guard Tower
21:16 Blacksmith
21:17 Blacksmith
22:29 Blacksmith
28:14 Scout Tower
28:15 Scout Tower
28:15 Scout Tower
28:16 Scout Tower
28:18 Town Hall
28:22 Scout Tower
28:23 Scout Tower
28:24 Scout Tower
28:24 Scout Tower
28:26 Scout Tower
28:27 Scout Tower
29:52 Guard Tower
30:37 Guard Tower
31:40 Guard Tower
32:06 Scout Tower
32:07 Scout Tower
32:07 Scout Tower
32:08 Scout Tower
32:08 Scout Tower
32:09 Scout Tower
32:10 Scout Tower
32:11 Scout Tower
32:11 Scout Tower
34:08 Guard Tower
34:12 Town Hall
34:47 Scout Tower
34:47 Scout Tower
34:48 Scout Tower
34:50 Scout Tower
34:53 Scout Tower
34:54 Scout Tower
34:55 Scout Tower
34:55 Scout Tower
35:40 Farm
36:41 Guard Tower
36:47 Gryphon Aviary
36:48 Gryphon Aviary
36:49 Gryphon Aviary
36:50 Gryphon Aviary
36:51 Gryphon Aviary
36:53 Gryphon Aviary
» items
| Scroll of Regeneration | 5 | |
| Potion of Healing | 12 | |
| Potion of Mana | 9 | |
| Lesser Clarity Potion | 5 | |
| Scroll of Town Portal | 9 | |
40 total
d5auto (
green | 27 APM | 1458 actions | 53:31)
7 Death Knight
3 Death Coil
1 Unholy Aura
2 Death Pact
1 Animate Dead
5 Lich
3 Frost Nova
2 Frost Armor
» actions
| Basic commands | 1 | |
| Build / train | 80 | |
| Enter build submenu | 21 | |
| Enter hero's abilities submenu | 11 | |
| Give item / drop item | 6 | |
| Right click | 728 | |
| Select / deselect | 544 | |
| Use ability | 67 | |
1458 total
» units
| Acolyte | 7 | |
| Ghoul | 5 | |
| Crypt Fiend | 16 | |
| Goblin Zeppelin | 1 | |
| Frost Wyrm | 3 | |
| Gargoyle | 1 | |
33 total
» upgrades
| Burrow | 1 | |
| Web | 1 | |
| Creature Attack | 3 | |
| Creature Carapace | 3 | |
| Freezing Breath | 1 | |
9 total
» buildings
| Ziggurat | 10 | |
| Altar of Darkness | 1 | |
| Crypt | 1 | |
| Nerubian Tower | 1 | |
| Graveyard | 1 | |
| Halls of the Dead | 1 | |
| Tomb of Relics | 1 | |
| Spirit Tower | 8 | |
| Black Citadel | 1 | |
| Sacrificial Pit | 1 | |
| Boneyard | 2 | |
28 total
» build order
00:11 Ziggurat
00:17 Altar of Darkness
00:57 Crypt
01:07 Ziggurat
01:14 Nerubian Tower
02:00 Graveyard
02:04 Ziggurat
03:36 Halls of the Dead
04:40 Tomb of Relics
05:19 Ziggurat
05:56 Spirit Tower
08:59 Black Citadel
09:41 Ziggurat
09:49 Ziggurat
09:53 Ziggurat
09:56 Ziggurat
10:03 Sacrificial Pit
11:04 Spirit Tower
11:05 Spirit Tower
11:07 Spirit Tower
11:12 Spirit Tower
11:45 Boneyard
11:53 Boneyard
12:01 Spirit Tower
12:07 Ziggurat
12:14 Ziggurat
13:55 Spirit Tower
13:59 Spirit Tower
» items
| Potion of Healing | 6 | |
| Orb of Corruption | 2 | |
| Potion of Mana | 1 | |
| Scroll of Town Portal | 4 | |
13 total

»
samwisecraft (
teal | 31 APM | 1637 actions | 53:13)
6 Blademaster
3 Wind Walk
2 Critical Strike
1 Bladestorm
2 Shadow Hunter
1 Hex
1 Healing Wave
» actions
| Assign group hotkey | 9 | |
| Build / train | 57 | |
| Enter build submenu | 23 | |
| Enter hero's abilities submenu | 9 | |
| Give item / drop item | 4 | |
| Remove unit from queue | 1 | |
| Right click | 889 | |
| Select / deselect | 553 | |
| Select group hotkey | 11 | |
| Use ability | 81 | |
1637 total
» units
| Peon | 16 | |
| Grunt | 5 | |
| Goblin Shredder | 1 | |
| Wind Rider | 9 | |
31 total
» upgrades
| Armor | 2 | |
| Ranged Weapons | 2 | |
| Envenomed Spears | 1 | |
| Ensnare | 0 | |
5 total
» buildings
| Altar of Storms | 1 | |
| Orc Burrow | 6 | |
| Barracks | 1 | |
| Voodoo Lounge | 1 | |
| War Mill | 1 | |
| Stronghold | 1 | |
| Beastiary | 4 | |
| Great Hall | 3 | |
| Watch Tower | 19 | |
| Fortress | 1 | |
38 total
» build order
00:12 Altar of Storms
00:16 Orc Burrow
00:33 Barracks
01:29 Voodoo Lounge
02:10 Orc Burrow
02:35 Orc Burrow
03:32 War Mill
04:35 Stronghold
07:02 Beastiary
07:02 Beastiary
07:03 Beastiary
07:04 Beastiary
09:18 Great Hall
09:30 Orc Burrow
09:31 Orc Burrow
09:33 Orc Burrow
09:39 Watch Tower
09:40 Watch Tower
09:41 Watch Tower
09:41 Watch Tower
09:43 Watch Tower
10:43 Watch Tower
10:47 Watch Tower
10:54 Watch Tower
13:54 Watch Tower
14:12 Watch Tower
14:14 Watch Tower
14:15 Watch Tower
16:11 Fortress
18:17 Watch Tower
18:17 Watch Tower
18:19 Watch Tower
18:19 Watch Tower
18:20 Watch Tower
19:56 Watch Tower
20:18 Great Hall
20:31 Watch Tower
25:52 Great Hall
» items
| Lesser Clarity Potion | 1 | |
| Healing Salve | 3 | |
| Scroll of Speed | 1 | |
| Scroll of Town Portal | 1 | |
| Potion of Healing | 1 | |
| Orb of Lightning | 1 | |
8 total
Chat log
(00:31 / All) rome-never-died: rome will never die
(00:47 / All) rome-never-died: i am a prateroian guard
(00:59 / All) YoHoHo: It died with the deposition of Augustulus Romulus
(07:13 / Allies) YoHoHo: ty
(08:09 / Allies) Gooby_pls: help
(08:20 / Allies) YoHoHo: omw
(08:33 / Allies) Gooby_pls: well there goes my exp
(10:09 / Allies) Gooby_pls: saw that coming
(10:10 / Allies) Gooby_pls: great
(13:37 / All) YoHoHo: hehe
(14:27 / All) YoHoHo: I'm top base
(15:06 / Allies) samwisecraft: green
(15:21 / All) YoHoHo: nice peons you got htere
(15:31 / Allies) samwisecraft: ty
(16:48 / All) YoHoHo: your love is like
(16:54 / All) YoHoHo: a rollercoaster baby baby
(18:16 / Allies) Gooby_pls: my money is useless right now
(18:27 / Allies) Gooby_pls: ill feed you green
(20:13 / All) YoHoHo: did you miss me red?
(20:23 / Allies) samwisecraft: get a shade
(20:42 / Allies) Gooby_pls: i would but purple destroyed my main
(23:19 / All) YoHoHo: how much fun are you having red?
(23:23 / Allies) samwisecraft: kill expos
(24:35 / Allies) samwisecraft: green ur lich
(25:05 / All) YoHoHo: well red
(25:07 / All) YoHoHo: I won't lie
(25:09 / All) YoHoHo: you're pretty good
(25:25 / Allies) Gooby_pls: out green
(26:23 / All) YoHoHo: 3 hps hehe
(26:37 / Allies) samwisecraft: no gold
(28:43 / Allies) samwisecraft: gold?
(28:55 / Allies) samwisecraft: for wood?
(29:15 / Allies) samwisecraft: blu u got tons of gold
(30:25 / All) YoHoHo: purple take hte island on your side
(30:29 / All) YoHoHo: top island
(30:35 / All) YoHoHo: it's available
(30:46 / All) YoHoHo: oops
(31:33 / Allies) samwisecraft: really need gold for hero
(31:49 / Allies) samwisecraft: come on blue
(32:11 / Allies) samwisecraft: what r u doing
(32:36 / Allies) samwisecraft: mmake units and share gold
(32:56 / All) YoHoHo: Teal is giving me tips
(32:59 / All) YoHoHo: and instruction
(33:05 / All) rome-never-died: lawl
(33:08 / All) YoHoHo: He has 4 beastiaries and no expansion
(33:14 / Allies) samwisecraft: what r u talking about
(34:12 / Allies) samwisecraft: give me a liitle gold plzz
(34:38 / All) Gooby_pls: cmon purple
(34:47 / Allies) Gooby_pls: i thought we were cool
(35:17 / All) samwisecraft: blue has 13k
(35:19 / Allies) Gooby_pls: lol blue
(35:40 / Allies) samwisecraft: y dont u make units??\
(35:51 / Allies) YoHoHo: kill
(36:03 / Allies) Gooby_pls: i dont want anything to do with those tanks
(36:16 / All) YoHoHo: coward!
(36:26 / All) YoHoHo: pink you flee like a rat! like a cockroach!
(36:33 / All) Gooby_pls: AYE
(36:35 / All) Gooby_pls: I DO
(37:07 / Allies) samwisecraft: blue plz share gold or make units
(37:20 / All) rome-never-died: purple is ignorant i even told him
(37:36 / All) Gooby_pls: lol yellow
(37:46 / All) rome-never-died: i will not mess with that
(37:54 / All) Gooby_pls: haha they are just gargoyles
(37:59 / All) YoHoHo: I told pink to kill that bm with me
(38:05 / All) YoHoHo: he cowered in my towers
(38:26 / All) Gooby_pls: you should have taken a page from my book there blue
(38:31 / All) YoHoHo: I am a man
(39:04 / Allies) Gooby_pls: lol blue you might be the biggest troll ive ever seen in this game
(40:47 / Allies) YoHoHo: get a shop so I can purchase dust my man
(40:57 / Allies) Gooby_pls: no gold
(41:09 / Allies) Gooby_pls: OH HE GONE
(41:10 / All) YoHoHo: Well that takes care of that little pest
(41:22 / All) rome-never-died: i could hav ekilled him at any time he was assisting us
(41:31 / All) rome-never-died: i told him to not touch u he didnt understand
(41:51 / Allies) Gooby_pls: he killed like 10 of my gargs
(42:03 / All) Gooby_pls: he killed like 10 of mhy gargs
(42:07 / All) Gooby_pls: what a dick
(42:34 / Allies) Gooby_pls: you can have my base yellow
(42:50 / Allies) samwisecraft: blue do u have no units so u can have no up keep and get maximim gold??
(43:10 / Allies) Gooby_pls: HES GOING FOR A WARCRAFT3 RECORD
(43:20 / All) rome-never-died: pink can i see ur stone form again it is pro looking
(43:33 / All) YoHoHo: I've gotten 300,000 before
(43:43 / All) YoHoHo: friends
(43:49 / All) Gooby_pls: i saw those gryphs yellow
(43:55 / All) Gooby_pls: im not THAT dumb
(44:40 / All) YoHoHo: well that didn't work
(44:44 / All) Gooby_pls: lol
(46:56 / Allies) YoHoHo: let's attack that pink
(47:09 / Allies) YoHoHo: all together
(47:10 / Allies) Gooby_pls: gimme a sec
(47:16 / Allies) Gooby_pls: these buildings want to die
(47:22 / All) rome-never-died: i was so lazy this match
(47:38 / Allies) YoHoHo: he's getting cocky now
(48:04 / Allies) Gooby_pls: k
(48:08 / Allies) YoHoHo: Come you filthy, cowardly curs!
(48:12 / All) YoHoHo: HAVE AT THEE
(49:56 / All) rome-never-died: attack my base ngigas
(50:00 / All) YoHoHo: Come out of your hidey hole, monsieur
(50:05 / All) YoHoHo: I have a proposition for you
(50:14 / All) YoHoHo: Come out here to die
(50:16 / All) rome-never-died: what is that?
(50:22 / All) YoHoHo: You die
(50:24 / All) YoHoHo: I win
(50:26 / All) YoHoHo: Simple
(50:57 / Allies) Gooby_pls: NAY
(51:02 / All) Gooby_pls: I WILL DIE FOR THIS CAUSE
(51:16 / All) rome-never-died: lawl
(51:26 / All) rome-never-died: i coudlnt tell if we got greens dk
(51:28 / All) YoHoHo: And that... takes care of another problem
(52:04 / All) Gooby_pls: BLUE YOU MAY HAVE THE REMNANTS OF MY GOLD AND LUMBER
(52:14 / All) YoHoHo: Not necessary
(53:40 / All) rome-never-died: we played d5auto he is the mass gamer
(55:13 / All) YoHoHo: Pink do you understand what has happened?
(55:25 / All) Gooby_pls: i think so
(55:27 / All) YoHoHo: Yellow and I worked in collusion
(55:37 / All) Gooby_pls: for a yellow victory
(55:40 / All) Gooby_pls: it is genious
(55:44 / All) YoHoHo: Well his team left
(56:07 / All) YoHoHo: Good game, pink
(56:13 / All) Gooby_pls: agreed
(56:31 / All) Gooby_pls: this was beauty what i witnessed here
(56:37 / All) Gooby_pls: just glad i was a part of it
(56:49 / All) YoHoHo: www.angrypeons.deviantart.com
(56:51 / All) YoHoHo: view my collages